 Dungeon Crawl Stone Soup version 0.24.0-13-gcf9b319 (webtiles) character file.

Game seed: 7936973860432560518, levelgen mode: deterministic

11678 Darlock the Blocker (level 11, 0/87 HPs)
             Began as a Minotaur Fighter on Dec 16, 2019.
             Was a High Priest of Hepliaklqana.
             Succumbed to a wolf spider's poison
             ... on level 1 of the Spider Nest.
             The game lasted 01:11:10 (10684 turns).

Darlock the Blocker (Minotaur Fighter)             Turns: 10684, Time: 01:11:11

Health: 0/87       AC: 12    Str: 23    XL:     11   Next: 52%
Magic:  1/10       EV: 12    Int:  5    God:    Hepliaklqana [*****.]
Gold:   742        SH: 13    Dex: 11    Spells: 10/10 levels left

rFire    x . .     SeeInvis .   I - +3 short sword (venom)
rCold    + . .     Gourm    .   c - +1 shield
rNeg     . . .     Faith    .   k - +0 swamp dragon scales
rPois    +         Spirit   +   X - +1 hat
rElec    .         Reflect  .   j - +0 cloak {rPois}
rCorr    .         Harm     .   (no gloves)
MR       .....                  (no boots)
Stlth    +.........             N - amulet of guardian spirit
HPRegen  0.24/turn              L - +3 ring of slaying
MPRegen  0.12/turn              a - ring of ice

@: lethally poisoned (0 -> -19), hasted, very quick
A: retaliatory headbutt, reduced essence, horns 2
a: Recall Ancestor, Ancestor Identity, Transference, Idealise, Renounce Religion


You were on level 1 of the Spider Nest.
You worshipped Hepliaklqana.
Hepliaklqana was extremely pleased with you.
You were very hungry.

You visited 3 branches of the dungeon, and saw 11 of its levels.

You collected 742 gold pieces.

Inventory:

Hand Weapons
 v - a +1 hunting sling of flaming
 G - a +3 dagger of venom
 I - a +3 short sword of venom (weapon)
Missiles
 T - 6 curare-tipped darts (quivered)
Armour
 c - a +1 shield (worn)
 j - a +0 cloak of poison resistance (worn)
 k - +0 swamp dragon scales (worn)
 J - a +2 scale mail of cold resistance
 X - a +1 hat (worn)
Jewellery
 a - a ring of ice (right hand)
 n - a +2 ring of intelligence
 s - an uncursed ring of flight
 L - a +3 ring of slaying (left hand)
 N - an amulet of guardian spirit (around neck)
 U - an uncursed ring of resist corrosion
 Y - an uncursed ring of wizardry
 Z - an uncursed ring of poison resistance
Wands
 b - a wand of random effects (18)
 z - a wand of polymorph (4)
 O - a wand of iceblast (22)
 P - a wand of flame (42)
 Q - a wand of enslavement (7)
 W - a wand of disintegration (12)
Scrolls
 g - 4 scrolls of immolation
 h - 6 scrolls of enchant armour
 i - 8 scrolls of identify
 p - 3 scrolls of enchant weapon
 q - 4 scrolls of fear
 w - a scroll of random uselessness {unknown}
 x - 2 scrolls of remove curse
 y - 6 scrolls of magic mapping {unknown}
 B - a scroll of blinking {unknown}
 C - 5 scrolls of teleportation
 D - a scroll of noise {unknown}
 E - a scroll of amnesia {unknown}
 F - a scroll of fog {unknown}
Potions
 e - 2 potions of haste
 l - 2 potions of agility {unknown}
 m - 2 potions of magic
 o - 4 potions of flight
 r - a potion of berserk rage {unknown}
 u - 2 potions of brilliance {unknown}
 K - 3 potions of heal wounds {unknown}
 R - 2 potions of might
 S - a potion of cancellation {unknown}
 V - a potion of resistance
Comestibles
 f - 10 rations


   Skills:
 + Level 9.3 Fighting
 + Level 10.0(10.6) Short Blades
   Level 6.4(9.5) Long Blades
 + Level 0.7 Throwing
 + Level 10.5 Armour
 + Level 4.5 Dodging
 + Level 2.3 Stealth
 + Level 11.3 Shields
 + Level 0.7 Evocations


You had 10 spell levels left.
You didn't know any spells.
Your spell library contained the following spells:

 Spells                   Type           Power        Failure   Level  Hunger
 Confusing Touch          Hex            #.....       77%         1    ##.....
 Confuse                  Hex            #.......     98%         3    ####...
 Gell's Gravitas          Tloc           #.........   98%         3    ####...
 Petrify                  Tmut/Erth      #.......     100%        4    #####..
 Metabolic Englaciation   Hex/Ice        #.........   100%        5    ######.
 Yara's Violent Unravell  Hex/Tmut       #.........   100%        5    ######.


Dungeon Overview and Level Annotations

Branches:
Dungeon (8/15)             Temple (0/1) D:7            Lair (2/6) D:8
 Spider (1/4) Lair:2
  Swamp: Lair:2-4    Shoals: Lair:2-4

Altars:
Ashenzari
Dithmenos
Gozag
Hepliaklqana
Kikubaaqudgha
Makhleb
Nemelex Xobeh
Okawaru
Trog
Uskayaw
Wu Jian
Xom
Zin

Shops:
D:6 [


Innate Abilities, Weirdness & Mutations

You reflexively headbutt those who attack you in melee.
You have a pair of horns on your head.
Your life essence is reduced to manifest your ancestor. (-10% HP)


Message History

The wolf spider bites you but does no damage.
You hit the wolf spider.
The wolf spider is poisoned.
You headbutt the wolf spider!
The wolf spider is heavily wounded.
You feel sick. The redback bites you!
* * * LOW HITPOINT WARNING * * *
Cipactli barely misses the wolf spider.
You hit the wolf spider.
The wolf spider looks as sick as possible!
The wolf spider is severely wounded.
* * * LOW HITPOINT WARNING * * *
You feel sick. The wolf spider hits you!
* * * LOW HITPOINT WARNING * * *
The wolf spider bites you but does no damage.
The wolf spider hits you but does no damage.
The wolf spider bites you!
* * * LOW HITPOINT WARNING * * *
The redback bites you but does no damage.
You feel yourself speed up.
You die...

### ...#^.# ...
......###
...##...#.#.##
..##.#....°....#
.^#.#....[......
.....#.ss.......
....s.ssss...###
#.....R@s###...#
#..#.....#.....#
#.............#
#.......^.....
###.......^...
##.#.^.#....
###...##...
#....## ##.
##....#


You could see the friendly Cipactli the knight, 3 wolf spiders, a jumping
spider, a tarantella and 3 redbacks.

Vanquished Creatures
  Gastronok (D:8)
  2 swamp dragons (Lair:1)
  2 black mambas
  4 spiny frogs
  2 komodo dragons (Lair:1)
  A jumping spider (Spider:1)
  A polar bear (Lair:1)
  5 hippogriffs
  Sigmund (D:2)
  A fire elemental (Lair:2)
  2 yaks (Lair:2)
  3 water moccasins
  2 porcupines
  An ice beast (D:6)
  An orc warrior (D:7)
  2 ogres
  A sky beast (D:8)
  A centaur (D:5)
  A wolf (D:6)
  3 crocodiles (Lair:2)
  Blork the orc (D:4)
  2 big kobolds (D:6)
  8 bullfrogs
  2 gnoll sergeants (D:6)
  2 scorpions (D:8)
  An electric eel (D:7)
  A howler monkey (D:8)
  4 crimson imps
  5 hounds
  A jelly (D:6)
  2 bullfrog skeletons
  A centaur skeleton (D:5)
  2 orc priests
  A gnoll shaman (D:6)
  3 orc wizards
  3 iguanas
  5 worker ants
  Robin (D:3)
  15 gnolls
  11 adders
  A shadow imp (D:8)
  3 oozes
  An adder zombie (D:6)
  An adder skeleton (D:6)
  3 worms
  3 dart slugs
  8 leopard geckos
  21 orcs
  A ball python (D:5)
  5 giant cockroaches
  15 goblins
  9 hobgoblins
  11 jackals
  4 quokkas
  8 bats
  4 frilled lizards
  10 kobolds
  A leopard gecko skeleton (D:5)
  4 rats
221 creatures vanquished.

Vanquished Creatures (collateral kills)
  A demonic crawler (Spider:1)
  A hippogriff (Lair:1)
  A yak (Lair:2)
  A fire elemental (Lair:2)
  Duvessa (D:4)
  A water moccasin (Lair:2)
  An ogre (D:4)
  A centaur (D:5)
  2 bullfrogs
  Dowan (D:4)
  A howler monkey (D:8)
  A bullfrog zombie (D:5)
  2 hounds (D:6)
  A jelly (D:6)
  2 worker ants (D:5)
  4 gnolls (D:6)
  A shadow imp (D:6)
  A worm (D:3)
  A leopard gecko (D:4)
  2 orcs
  A bat (D:3)
  2 goblins (D:3)
  A hobgoblin (D:3)
  A frilled lizard (D:4)
  A kobold (D:6)
  A leopard gecko skeleton (D:4)
  2 rats
  A fungus (Lair:2)
37 creatures vanquished.

Vanquished Creatures (others)
  3 ancestors
3 creatures vanquished.

Grand Total: 261 creatures vanquished

Notes
Turn   | Place    | Note
-------+----------+-------------------------------------------
     0 | D:1      | Darlock the Minotaur Fighter began the quest for the Orb.
     0 | D:1      | Reached XP level 1. HP: 19/19 MP: 0/0
   141 | D:1      | Reached XP level 2. HP: 16/27 MP: 1/1
   153 | D:1      | Reached skill level 4 in Shields
   770 | D:2      | Reached XP level 3. HP: 31/33 MP: 2/2
   931 | D:2      | Noticed Sigmund
   949 | D:2      | Killed Sigmund
   949 | D:2      | Reached skill level 1 in Dodging
   949 | D:2      | Reached skill level 5 in Shields
   949 | D:2      | Reached XP level 4. HP: 9/41 MP: 3/3
   949 | D:2      | Reached XP level 5. HP: 10/47 MP: 4/4
  1041 | D:2      | Found a hazy altar of Hepliaklqana.
  1054 | D:2      | Became a worshipper of Hepliaklqana the Forgotten
  1742 | D:2      | Reached skill level 5 in Armour
  1743 | D:2      | Found an iron altar of Okawaru.
  2105 | D:3      | Reached * piety under Hepliaklqana
  2116 | D:3      | Noticed Robin
  2127 | D:3      | Killed Robin
  2127 | D:3      | Reached XP level 6. HP: 32/47 MP: 5/5
  2202 | D:3      | Found a bloodstained altar of Trog.
  2202 | D:3      | Found a shimmering altar of Xom.
  3242 | D:3      | Reached skill level 5 in Fighting
  3415 | D:4      | Reached ** piety under Hepliaklqana
  3501 | D:4      | Found a shadowy altar of Dithmenos.
  3573 | D:4      | Found a glowing silver altar of Zin.
  3573 | D:4      | Noticed an angel
  3660 | D:4      | Reached skill level 5 in Long Blades
  3660 | D:4      | Reached XP level 7. HP: 54/54 MP: 6/6
  3729 | D:4      | Reached skill level 6 in Shields
  3776 | D:4      | Found a hide-covered altar of Uskayaw.
  3778 | D:4      | Noticed Blork the orc
  3783 | D:4      | Killed Blork the orc
  3809 | D:4      | Noticed Dowan
  3810 | D:4      | Noticed Duvessa
  3818 | D:4      | Killed Dowan
  3830 | D:4      | HP: 2/54 [poisoned by Duvessa]
  3838 | D:4      | HP: 2/54 [poisoned by Duvessa]
  3851 | D:4      | Killed Duvessa
  4012 | D:4      | Found a burning altar of Makhleb.
  4012 | D:4      | Noticed a blizzard demon
  4015 | D:4      | Noticed a smoke demon
  4015 | D:4      | Noticed a ynoxinul
  4227 | D:5      | Entered Level 5 of the Dungeon
  4240 | D:5      | Found a hazy altar of Hepliaklqana.
  4304 | D:5      | Reached XP level 8. HP: 45/63 MP: 7/7
  4387 | D:5      | Found a sparkling altar of Nemelex Xobeh.
  4408 | D:5      | Reached skill level 1 in Short Blades
  4470 | D:5      | Reached skill level 7 in Shields
  4514 | D:5      | Found an ornate altar of the Wu Jian Council.
  5063 | D:6      | Reached *** piety under Hepliaklqana
  5100 | D:6      | Reached skill level 1 in Stealth
  5224 | D:6      | Reached skill level 8 in Shields
  5285 | D:6      | Found Woevuo's Armour Shop.
  5410 | D:6      | Reached XP level 9. HP: 61/67 MP: 8/8
  5462 | D:6      | Found an ancient bone altar of Kikubaaqudgha.
  5574 | D:6      | Reached skill level 5 in Short Blades
  6187 | D:7      | Found a staircase to the Ecumenical Temple.
  6231 | D:7      | Found a shattered altar of Ashenzari.
  6497 | D:7      | Reached skill level 9 in Shields
  7072 | D:8      | Reached **** piety under Hepliaklqana
  7284 | D:8      | Found a staircase to the Lair.
  7306 | Lair:1   | Entered Level 1 of the Lair of Beasts
  7369 | Lair:1   | Found a transporter.
  7371 | Lair:1   | Noticed a swamp dragon
  7371 | Lair:1   | Noticed a spiny frog
  7371 | Lair:1   | Noticed a black mamba
  7371 | Lair:1   | Noticed a swamp dragon
  7371 | Lair:1   | Noticed a spiny frog
  7392 | Lair:1   | Reached XP level 10. HP: 68/77 MP: 7/9
  7432 | Lair:1   | Found a transporter.
  8135 | Lair:1   | Reached skill level 10 in Shields
  8192 | Lair:1   | Reached ***** piety under Hepliaklqana
  8706 | D:8      | Found an opulent altar of Gozag.
  8976 | D:8      | Noticed Gastronok
  9002 | D:8      | Killed Gastronok
  9405 | Lair:1   | Remembered your ancestor Cipactli as a knight
  9417 | Lair:1   | Killed a spiny frog
  9420 | Lair:1   | Killed a black mamba
  9420 | Lair:1   | Reached XP level 11. HP: 65/85 MP: 6/10
  9425 | Lair:1   | Reached skill level 10 in Armour
  9430 | Lair:1   | Killed a swamp dragon
  9433 | Lair:1   | Killed a swamp dragon
  9567 | Lair:2   | Reached skill level 11 in Shields
 10581 | Lair:2   | Found a hole to the Spider Nest.
 10643 | Spider:1 | Entered Level 1 of the Spider Nest
 10666 | Spider:1 | Noticed a wolf spider
 10669 | Spider:1 | Reached skill level 10 in Short Blades
 10670 | Spider:1 | Noticed a wolf spider
 10670 | Spider:1 | Noticed a wolf spider
 10683 | Spider:1 | HP: 2/87 [wolf spider (7)]
 10684 | Spider:1 | Succumbed to a wolf spider's poison

Levels and vault maps discovered:
D:1:      minmay_arrival_four_houses, layout_basic
D:2:      layout_basic, overflow_temple_1_default, okawaru_altar_gauntlet_db,
          uniq_sigmund
D:3:      minmay_razor_zed, layout_basic, gammafunk_temple_overflow_pools,
          uniq_robin
D:4:      layout_gridville, grunt_dithmenos_smoke_and_mirrors, zin_angel,
          lemuel_round_altar, makhleb_altar_promises_db, uniq_duvessa,
          uniq_blork_the_orc
D:5:      layout_rooms, kennysheep_little_box, basic_altar, first_ration,
          nemelex_spade_bored_becter
D:6:      cheibrodos_thug_alley, layout_cave_pools, lemuel_doored_altar,
          serial_gnoll_camp, gnoll_camp_medium_01, gnoll_camp_mini_loothouse,
          gnoll_camp_mini_shop, gnoll_camp_mini_basic
D:7:      statuecave_lemuel, layout_basic, kennysheep_mini_moat,
          minmay_temple_entry_antechambers
D:8:      layout_basic, grunt_gozag_statues, dpeg_oklobed_lair, uniq_gastronok
Lair:1:   gammafunk_cloud_chamber, layout_regular_city,
          infiniplex_staircase_pool, grunt_megastairs_4
Lair:2:   minmay_guarded_unrand_snakebite, layout_gridlike,
          spider_nest_entry_web_field
Spider:1: layout_spider_delve, uniq_asterion, uniq_kirke

Skill      XL: |  1  2  3  4  5  6  7  8  9 10 11 |
---------------+----------------------------------+-----
Shields        | 4 5 6 8 9 10 11 | 11.3
Armour         | 4 5 6 8 9 10 | 10.5
Fighting       | 4 5 6 7 8 9 |  9.3
Long Blades    | 3 4 5 6 |  6.4
Dodging        | 1 2 3 4 |  4.5
Short Blades   | 4 6 8 10 | 10.0
Stealth        | 1 2 |  2.3
Throwing       | |  0.7
Evocations     | |  0.7

Action                   |  1- 3 |  4- 6 |  7- 9 | 10-12 || total
-------------------------+-------+-------+-------+-------++-------
Melee: Long sword        |    62 |   147 |    15 |       ||   224
       Headbutt          |    12 |    27 |    69 |    48 ||   156
       Dagger            |       |       |    21 |       ||    21
       Short sword       |       |       |   270 |   186 ||   456
Throw: Dart              |       |       |     7 |       ||     7
Invok: Recall Ancestor   |       |       |       |     1 ||     1
       Ancestor Life: Kn |       |       |       |     1 ||     1
 Abil: Evoke Flight      |       |       |     1 |       ||     1
  Use: Potion            |     1 |       |     4 |     4 ||     9
       Scroll            |       |       |     7 |     1 ||     8
 Stab: Distracted        |       |       |     3 |     1 ||     4
  Eat: Chunk             |       |     5 |    12 |     3 ||    20
       Ration            |       |     1 |       |     2 ||     3
Armor: Scale mail        |    23 |     7 |    20 |       ||    50
       Ring mail         |       |    39 |    15 |       ||    54
       Plate armour      |       |       |    99 |    31 ||   130
       Swamp dragon scal |       |       |       |    27 ||    27
Dodge: Dodged            |    16 |    60 |    74 |    66 ||   216
Block: Shield            |    36 |    88 |   207 |   116 ||   447
       Rpst.: Long sword |     4 |    16 |     2 |       ||    22
